 Dungeon Crawl Stone Soup version 0.31.0-32-g396128a36d (webtiles) character file.

Game seed: 14195671952190659401

194 monsoonserge the Cudgeller (level 5, -5/37 HPs)
             Began as an Octopode Cinder Acolyte on Mar 20, 2024.
             Was a High Priest of Ignis.
             Slain by a gnoll
             ... wielding a +0 spear
             ... led by a gnoll bouda
              (6 damage)
             ... on level 4 of the Dungeon.
             The game lasted 00:06:35 (2607 turns).

monsoonserge the Cudgeller (OpCA)                   Turns: 2607, Time: 00:06:36

Health: -5/37      AC:  1    Str: 16    XL:     5   Next: 73%
Magic:  6/6        EV: 12    Int: 16    God:    Ignis [*****.]
Gold:   65         SH:  0    Dex:  7    Spells: 4/6 levels left

rFire   + + .        a - -1 mace (flame)
rCold   + . .        (no shield)
rNeg    . . .        (helmet restricted)
rPois   +            (no amulet)
rElec   +            (no ring)
rCorr   +            (no ring)
SInv    .            (no ring)
Will    .....        (no ring)
Stlth   +            (no ring)
HPRegen 0.26/turn    (no ring)
MPRegen 0.10/turn    (no ring)
                     (no ring)

%: no passive effects
@: confused, silenced, resistant, weak-willed, ambrosia-drunk, attractive
A: almost no armour, amphibious, 8 rings, camouflage 1, gelatinous body 1,
(nimble swimmer 1), tentacles
a: Renounce Religion


You were on level 4 of the Dungeon.
You worshipped Ignis.
Ignis was extremely pleased with you.
You visited 1 branch of the dungeon, and saw 4 of its levels.

You collected 65 gold pieces.

Inventory:

Hand Weapons
 a - a -1 mace of flaming (weapon)
Missiles
 g - 8 poisoned darts (quivered)
 o - 7 boomerangs
Talismans
 e - a flux talisman
 l - a serpent talisman
Scrolls
 b - a scroll of noise
 k - a scroll of enchant weapon {unknown}
 n - a scroll of teleportation {unknown}
 p - a scroll of vulnerability
Potions
 d - a potion of resistance
 h - a potion of brilliance
 i - 2 potions of magic


   Skills:
 + Level 4.0 Fighting
 - Level 4.0 Maces & Flails
 + Level 1.4 Dodging
 - Level 2.0 Stealth
 * Level 2.0 Unarmed Combat
 - Level 1.0 Spellcasting
 + Level 3.5 Fire Magic


You had 4 spell levels left.
You knew the following spells:

 Your Spells              Type           Power      Damage    Failure   Level
a - Scorch                Fire           24%        2d6       9%          2

Your spell library contained the following spells:

 Spells                   Type           Power      Damage    Failure   Level
 Vhi's Electric Charge    Tloc/Air       0%         N/A       92%         4
 Arcjolt                  Conj/Air       0%         1d10      99%         5
 Plasma Beam              Fire/Air       3%         2x1d13    100%        6


Dungeon Overview and Level Annotations

Branches:
Dungeon (4/15)
 Temple: D:4-7

Altars:
Kikubaaqudgha
Ru
Trog

Shops:
D:2 [

Annotations:
D:3 2 transporters


Innate Abilities, Weirdness & Mutations

You cannot wear most types of armour.
You are amphibious.
You can wear up to eight rings at the same time.
Your skin changes colour to match your surroundings (Stealth+).
Your rubbery body absorbs attacks. (AC +1, EV +1)
((You are camouflaged when in or above water. (Stealth+)))
You have tentacles for arms and can constrict up to eight enemies at once.


Message History

The gnoll attacks as it pursues you! The gnoll hits you with a +0 whip.
The gnoll attacks as it pursues you! The gnoll hits you with a +0 whip!
The gnoll attacks as it pursues you! The gnoll closely misses you.
You hit the gnoll but do no damage. Your grab misses the gnoll.
The gnoll barely misses you.
The gnoll hits you from afar with a +0 spear!
You hit the gnoll but do no damage. Your grab misses the gnoll.
You squeeze the gnoll, but do no damage.
The gnoll barely misses you. The gnoll misses you.
You hit the gnoll. You burn the gnoll. Your grab misses the gnoll.
The gnoll is heavily wounded.
The gnoll completely misses you. The gnoll misses you.
You closely miss the gnoll. You grab the gnoll. You squeeze the gnoll!
You kill the gnoll!
The gnoll closely misses you.
Your Fighting skill increases to level 4!
Your Unarmed Combat skill increases to level 2!
Okay, then.
As you read the scroll labelled GEYV TIRRA, it crumbles to dust.
A wave of despondency washes over your surroundings.
It was a scroll of vulnerability.
The gnoll hits you from afar with a +0 spear.
As you read the scroll labelled OHAWAK ONNAYSE, it crumbles to dust.
A profound silence engulfs you.
It was a scroll of silence.
The gnoll misses you. The gnoll attacks as it pursues you!
The gnoll hits you from afar with a +0 spear!
* * * LOW HITPOINT WARNING * * *
It was a potion of resistance.
You feel protected.
The gnoll hits you from afar with a +0 spear.
* * * LOW HITPOINT WARNING * * *
It was a potion of attraction.
You feel attractive to monsters. The gnoll barely misses you.
The gnoll is attracted toward you. x2
You are confused.
You feel invigorated. The gnoll hits you with a +0 spear!
* * * LOW HITPOINT WARNING * * *
The gnoll hits you from afar with a +0 spear.
You die...

............O..
##..#.g####
#......g...#
...#######)# .
#g# #g# #.# ..#
#######g# ...#
#...@ggg# ...#
#.####### ....#
#.# .....####
#.# #.........
#.# ..........#
#.# ..........#
#.# ..........#
#.# ..........#
#.#


You could see 4 gnolls.

Vanquished Creatures
  A scorpion (D:4)
  A jelly (D:4)
  Jessica (D:3)
  A gnoll (D:4)
  A dart slug (D:1)
  2 ribbon worms
  5 orcs (D:3)
  3 bats (D:2)
  4 endoplasms
  2 giant cockroaches
  9 goblins
  8 hobgoblins
  3 quokkas
  2 ball pythons (D:2)
  3 frilled lizards
  9 kobolds
  5 rats
60 creatures vanquished.

Notes
Turn   | Place    | Note
-------+----------+-------------------------------------------
     0 | D:1      | monsoonserge the Octopode Cinder Acolyte began the quest
                  | for the Orb.
     0 | D:1      | Reached XP level 1. HP: 16/16 MP: 2/2
   137 | D:1      | Reached XP level 2. HP: 21/21 MP: 3/3
   169 | D:1      | Learned a level 2 spell: Scorch
   480 | D:1      | Reached XP level 3. HP: 12/26 MP: 4/4
   962 | D:2      | Reached skill level 1 in Stealth
  1012 | D:2      | Found an ancient bone altar of Kikubaaqudgha.
  1095 | D:2      | Found a faded altar of an unknown god.
  1151 | D:2      | Found Byuladwa's Antique Armour Shoppe.
  1736 | D:3      | Noticed Jessica
  1745 | D:3      | Killed Jessica
  1746 | D:3      | Reached XP level 4. HP: 30/33 MP: 0/5
  1994 | D:3      | Found an ancient bone altar of Kikubaaqudgha.
  1995 | D:3      | Found a sacrificial altar of Ru.
  1996 | D:3      | Noticed a sky beast
  1998 | D:3      | Noticed a kobold brigand
  2007 | D:3      | Found a transporter.
  2021 | D:3      | Found a transporter.
  2110 | D:4      | Found a bloodstained altar of Trog.
  2219 | D:4      | Reached skill level 1 in Dodging
  2219 | D:4      | Reached skill level 1 in Unarmed Combat
  2219 | D:4      | Reached XP level 5. HP: 37/37 MP: 1/6
  2588 | D:4      | Noticed an ogre
  2607 | D:4      | HP: 1/37 [gnoll/+0 spear[a gnoll bouda] (7)]
  2607 | D:4      | Slain by a gnoll

Illustrated notes

Levels and vault maps discovered:
D:1:      dpeg_arrival_pits, layout_basic
D:2:      layout_loops_ring, dreamdust_ecumenical_altar_grove, serial_shops,
          shop, basic_altar
D:3:      layout_rooms, gammafunk_temple_overflow_arena, uniq_jessica
D:4:      minmay_goblin_kobold_castle, layout_basic, bloody_trog,
          gammafunk_ghost_mausoleum, uniq_eustachio

Skill      XL: |  1  2  3  4  5 |
---------------+----------------+-----
Stealth        | 2 |  2.0
Maces & Flails | 4 |  4.0
Dodging        | 1 |  1.4
Unarmed Combat | 1 2 |  2.0
Fighting       | 4 |  4.0
Spellcasting   | |  1.0
Fire Magic     | |  3.5

Action                     |  1- 3 |  4- 6 || total
---------------------------+-------+-------++-------
  Melee: Mace              |    70 |    46 ||   116
         Tentacles         |    11 |    12 ||    23
         Constrict         |    18 |     8 ||    26
   Cast: Scorch            |     2 |     3 ||     5
    Use: Scroll            |       |     6 ||     6
         Potion            |       |     3 ||     3
   Stab: Sleeping          |     8 |       ||     8
 Armour: Skin              |    39 |    31 ||    70
  Dodge: Dodged            |    33 |    34 ||    67
